AoeStats
← [Massa] Edo

Arena

504644728Analyzed
2v2 RM · 26d ago on Sep 6, 2026· 65m 10s· 4 players
Game mode
Random Map
Map size
Medium (4 player)
Population
200
Speed
Normal
Resources
Standard
Victory
Conquest
Starting age
Dark Age
Ending age
Imperial Age
RankedLock teamsTeams togetherTeam positionsShared explorationLock speedFull tech treeHidden civsTurbo modeCheats
Victory
Defeat
🇺🇸 Poles · United States
1480
+16
🇨🇳 Spanish · China
1440
+17
🇧🇷 Malians · Brazil
1499
-18
🇧🇷 Wei · Brazil
1442
-15
DIGGS
10:49 Feudal Age
11:50 Double-Bit Axe
11:46 Horse Collar
14:27 Castle Age
12:24 Horse Collar
25:15 Bow Saw
25:10 Heavy Plow
26:40 Wheelbarrow
25:58 Gold Mining
30:09 Imperial Age
27:56 Hand Cart
27:27 Loom
28:25 Stone Mining
29:22 Ballistics
30:01 Stone Shaft Mining
29:14 Treadmill Crane
32:07 Chemistry
31:30 Conscription
31:20 Scale Barding Armor
31:26 Forging
31:49 Bloodlines
31:39 Husbandry
31:00 Light Cavalry
31:55 Masonry
32:38 Chain Barding Armor
33:43 Iron Casting
33:43 Lechitic Legacy
34:24 Winged Hussar
36:42 Blast Furnace
45:10 Siege Engineers
45:25 Fletching
45:12 Elite Obuch
46:24 Murder Holes
53:41 Bodkin Arrow
54:01 Szlachta Privileges
54:05 Cavalier
58:08 Bracer
60:13 Padded Archer Armor
61:14 Leather Archer Armor
61:15 Thumb Ring
61:46 Elite Skirmisher
64:24 Caravan
无助小羊
10:11 Feudal Age
14:06 Castle Age
12:43 Loom
13:32 Stone Mining
23:35 Double-Bit Axe
29:59 Imperial Age
28:41 Wheelbarrow
28:59 Scale Barding Armor
29:15 Bow Saw
29:01 Horse Collar
29:58 Bloodlines
30:00 Cavalier
30:53 Fletching
32:18 Chain Barding Armor
32:07 Gold Mining
32:39 Paladin
33:41 Forging
35:23 Iron Casting
35:57 Husbandry
36:49 Conscription
37:06 Plate Barding Armor
38:33 Blast Furnace
43:01 Hand Cart
44:27 Scale Mail Armor
44:29 Squires
44:32 Pikeman
45:30 Chain Mail Armor
45:51 Halberdier
47:20 Supremacy
48:32 Light Cavalry
52:10 Plate Mail Armor
54:59 Bodkin Arrow
56:13 Bracer
56:13 Town Watch
56:26 Elite Skirmisher
57:13 Thumb Ring
58:46 Two-Man Saw
58:17 Padded Archer Armor
58:39 Ballistics
58:42 Sappers
60:01 Leather Archer Armor
62:14 Chemistry
62:18 Ring Archer Armor
65:45 Caravan
[Massa] Edo
6:00 Loom
8:31 Feudal Age
8:57 Double-Bit Axe
11:56 Fletching
13:17 Horse Collar
18:37 Wheelbarrow
21:55 Castle Age
23:27 Bow Saw
26:19 Gold Mining
26:24 Stone Mining
32:33 Imperial Age
30:26 Squires
31:19 Gold Shaft Mining
31:43 Fervor
31:54 Sanctity
32:07 Forging
31:46 Arson
32:23 Bloodlines
33:29 Iron Casting
33:40 Conscription
33:23 Scale Mail Armor
33:44 Hand Cart
33:46 Husbandry
33:07 Light Cavalry
34:40 Heavy Plow
35:32 Farimba
36:08 Crop Rotation
36:14 Stone Shaft Mining
36:39 Chain Mail Armor
36:38 Elite Gbeto
38:31 Plate Mail Armor
38:40 Scale Barding Armor
38:02 Heavy Camel Rider
39:33 Ballistics
39:09 Murder Holes
40:16 Chain Barding Armor
43:05 Plate Barding Armor
43:43 Bodkin Arrow
44:50 Chemistry
44:01 Masonry
43:32 Treadmill Crane
43:57 Devotion
47:13 Architecture
50:20 Pikeman
51:14 Caravan
56:16 Coinage
tg
11:05 Feudal Age
12:03 Double-Bit Axe
12:02 Horse Collar
15:00 Castle Age
13:43 Fletching
13:44 Gold Mining
15:23 Stone Mining
21:08 Padded Archer Armor
21:55 Bow Saw
22:14 Bodkin Arrow
23:23 Wheelbarrow
25:47 Hand Cart
25:35 Heavy Plow
26:10 Gold Shaft Mining
26:11 Stone Shaft Mining
30:01 Imperial Age
28:18 Thumb Ring
29:29 Ballistics
29:33 Loom
29:34 Town Watch
30:06 Leather Archer Armor
29:56 Scale Barding Armor
30:44 Bracer
30:52 Scale Barding Armor
31:27 Crop Rotation
30:25 Light Cavalry
31:16 Bloodlines
31:06 Husbandry
31:18 Treadmill Crane
32:06 Parthian Tactics
32:21 Hussar
36:04 Chemistry
36:01 Masonry
36:57 Chain Barding Armor
38:21 Ring Archer Armor
37:55 Heavy Hei Guang Cavalry
41:36 Forging
43:16 Tuntian
48:29 Pikeman
49:09 Squires
49:11 Scale Mail Armor
53:22 Chain Mail Armor
Connection lost

Rejoining the realm…

Still unreachable

The connection could not be restored.

Session expired

The server has moved on; the page needs a fresh start.